 Dungeon Crawl Stone Soup version 0.24.0-2-g5b39cebb1c (webtiles) character file.

Game seed: 15840177361602738429, levelgen mode: deterministic

3558 Aviak the Fighter (level 10, 0/93 HPs)
             Began as a Hill Orc Assassin on Oct 29, 2019.
             Was an Initiate of Qazlal.
             Slain by an orc warrior
             ... wielding a +0 scimitar
              (20 damage)
             ... on level 8 of the Dungeon.
             The game lasted 00:12:28 (7762 turns).

Aviak the Fighter (Hill Orc Assassin)               Turns: 7762, Time: 00:12:28

Health: 0/93       AC: 11    Str: 18    XL:     10   Next: 9%
Magic:  12/12      EV: 15    Int:  9    God:    Qazlal [......]
Gold:   441        SH:  0    Dex: 12    Spells: 9/9 levels left

rFire    + + .     SeeInvis .   p - +0 war axe
rCold    . . .     Gourm    .   (no shield)
rNeg     . . .     Faith    .   v - +1 ring mail of Woxer {rF+ Regen+}
rPois    .         Spirit   .   (no helmet)
rElec    .         Reflect  .   o - +0 cloak
rCorr    .         Harm     .   (no gloves)
MR       .....                  (no boots)
Stlth    +.........             (no amulet)
HPRegen  0.65/turn              E - +4 ring of evasion
MPRegen  0.13/turn              F - ring of protection from fire

@: lightly drained
A: icy blue scales 1, dopey 1
a: Renounce Religion


You were on level 8 of the Dungeon.
You worshipped Qazlal.
Qazlal was noncommittal.
You were not hungry.

You visited 2 branches of the dungeon, and saw 9 of its levels.

You collected 441 gold pieces.

Inventory:

Hand Weapons
 p - a +0 war axe (weapon)
Armour
 b - a +0 robe
 e - a +0 scale mail
 g - a +0 ring mail
 j - a +0 chain mail
 o - a +0 cloak (worn)
 v - the +1 ring mail of Woxer (worn) {rF+ Regen+}
   (You found it on level 3 of the Dungeon)

   It protects you from fire.
   It increases your rate of regeneration.
Jewellery
 n - an uncursed ring of wizardry
 u - an uncursed ring of resist corrosion
 E - a +4 ring of evasion (left hand)
 F - a ring of protection from fire (right hand)
Wands
 h - a wand of iceblast (2)
 i - a wand of flame (10)
 y - a wand of enslavement (9)
Scrolls
 a - a scroll of fog {unknown}
 k - a scroll of magic mapping
 l - 2 scrolls of enchant armour {unknown}
 q - 5 scrolls of teleportation {unknown}
 r - 6 scrolls of remove curse
 x - 2 scrolls of blinking
Potions
 c - a potion of berserk rage {unknown}
 d - a potion of mutation {!q}
 m - a potion of magic
 s - a potion of flight
 t - a potion of brilliance {unknown}
 w - a potion of cancellation {unknown}
Comestibles
 f - 8 rations


   Skills:
 * Level 10.2(9.8) Fighting
   Level 2.0(1.7) Short Blades
 * Level 9.4(9.0) Axes
 - Level 1.7(1.4) Throwing
 * Level 8.8(8.4) Armour
 + Level 2.1(1.8) Dodging
 - Level 3.2(2.9) Stealth
 * Level 2.7(2.4) Invocations


You had 9 spell levels left.
You didn't know any spells.
Your spell library contained the following spells:

 Spells                   Type           Power        Failure   Level  Hunger
 Summon Small Mammal      Summ           #...         54%         1    ##.....
 Call Imp                 Summ           #.......     69%         2    ###....
 Call Canine Familiar     Summ           #.......     89%         3    ####...
 Summon Guardian Golem    Hex/Summ       #.......     89%         3    ####...
 Summon Ice Beast         Ice/Summ       #.......     100%        4    #####..
 Summon Lightning Spire   Summ/Air       #.......     100%        4    #####..


Dungeon Overview and Level Annotations

Branches:
Dungeon (8/15)             Temple (1/1) D:6
   Lair: D:8-11

Altars:
Ashenzari
Cheibriados
Dithmenos
Elyvilon
Fedhas
Gozag
Hepliaklqana
Kikubaaqudgha
Makhleb
Nemelex Xobeh
Qazlal
Ru
Sif Muna
Trog
Uskayaw
Vehumet
Wu Jian
Zin
The Shining One


Innate Abilities, Weirdness & Mutations

You are partially covered in icy blue scales. (AC +2)
You are dopey. (Int -2)


Message History

You slash the orc!
You kill the orc!
Qazlal accepts your kill. The orc warrior barely misses you.
You barely miss the orc warrior.
The orc warrior is almost dead.
The orc warrior hits you with a +0 scimitar!
You hit the orc warrior.
The orc warrior is almost dead.
The orc warrior hits you with a +0 scimitar!
You closely miss the orc warrior.
The orc warrior is almost dead.
The orc warrior hits you with a +0 scimitar!
* * * LOW HITPOINT WARNING * * *
Evoke which item? (* to show all) (? for menu, Esc to quit)
Okay, then.
You barely miss the orc warrior.
The orc warrior is almost dead.
The orc warrior hits you with a +0 scimitar!!
You die...

### #.. .#
##### #.# .#
..... #.###$#
......#.....#
......#(....#
......)o.>..#
#@....#
##.....#
#......#
##...<.#
#.###.# ....
.# ###.# ##
#.# ..


You could see an orc warrior.

Vanquished Creatures
  Pikel (D:7)
  Joseph (D:7)
  Prince Ribbit (D:7)
  A hornet (D:7)
  Grinder (D:4)
  Menkaure (D:6)
  A hungry ghost (D:7)
  Duvessa (D:6)
  An ice beast (D:5)
  2 sky beasts (D:7)
  5 ogres
  A centaur (D:5)
  Blork the orc (D:5)
  Dowan (D:6)
  3 wights (D:7)
  2 howler monkeys
  5 crimson imps
  A centaur zombie (D:7)
  An orc priest (D:8)
  A hound (D:5)
  A jelly (D:5)
  A centaur skeleton (D:7)
  3 iguanas
  4 orc wizards
  2 worker ants
  3 gnolls
  6 adders
  A shadow imp (D:7)
  An ooze (D:7)
  2 adder zombies (D:5)
  An adder skeleton (D:4)
  3 worms
  4 dart slugs (D:1)
  3 leopard geckos
  17 orcs
  5 bats
  7 giant cockroaches
  7 goblins
  8 hobgoblins
  6 jackals
  A quokka (D:5)
  A ball python (D:3)
  11 frilled lizards
  8 kobolds
  2 quokka skeletons (D:4)
  5 rats
145 creatures vanquished.

Vanquished Creatures (others)
  A slave (D:7)
  A centaur (D:7)
2 creatures vanquished.

Grand Total: 147 creatures vanquished

Notes
Turn   | Place    | Note
-------+----------+-------------------------------------------
     0 | D:1      | Aviak the Hill Orc Assassin began the quest for the Orb.
     0 | D:1      | Reached XP level 1. HP: 18/18 MP: 1/1
    32 | D:1      | Reached skill level 1 in Dodging
    61 | D:1      | Reached XP level 2. HP: 9/25 MP: 2/2
    66 | D:1      | Reached skill level 3 in Fighting
    66 | D:1      | HP: 1/26 [dart slug/slug dart (3)]
   535 | D:1      | Reached XP level 3. HP: 31/31 MP: 3/3
  1278 | D:2      | Reached skill level 1 in Armour
  1450 | D:2      | Reached XP level 4. HP: 40/40 MP: 4/4
  1458 | D:2      | Found a shadowy altar of Dithmenos.
  1873 | D:3      | Reached skill level 4 in Fighting
  2429 | D:4      | Noticed an ogre
  2531 | D:4      | Killed an ogre
  2531 | D:4      | Reached skill level 5 in Fighting
  2531 | D:4      | Reached XP level 5. HP: 22/48 MP: 5/5
  2828 | D:4      | Found a sacrificial altar of Ru.
  2908 | D:4      | Found a glowing golden altar of the Shining One.
  2976 | D:4      | Reached XP level 6. HP: 35/56 MP: 6/6
  3204 | D:4      | Noticed Grinder
  3217 | D:4      | Paralysed by Grinder for 5 turns
  3251 | D:4      | Killed Grinder
  3251 | D:4      | Reached skill level 6 in Fighting
  3251 | D:4      | Reached XP level 7. HP: 63/63 MP: 7/7
  3376 | D:5      | Entered Level 5 of the Dungeon
  3426 | D:5      | Got an encrusted falchion
  3427 | D:5      | Identified the cursed +0 falchion of Megalomania {drain,
                  | Str+4 Stlth+} (You found it on level 5 of the Dungeon)
  3806 | D:5      | Found a bloodstained altar of Trog.
  3815 | D:5      | Reached skill level 5 in Armour
  3825 | D:5      | Noticed Blork the orc
  3849 | D:5      | Killed Blork the orc
  4216 | D:5      | Reached skill level 7 in Fighting
  4217 | D:5      | Reached XP level 8. HP: 42/73 MP: 8/8
  4570 | D:6      | Found a hide-covered altar of Uskayaw.
  4570 | D:6      | Noticed a +0 dagger
  4570 | D:6      | Noticed a +0 dagger
  4570 | D:6      | Noticed Menkaure
  4665 | D:6      | Reached skill level 5 in Axes
  4991 | D:6      | Killed Menkaure
  5003 | D:6      | Noticed Duvessa
  5017 | D:6      | Noticed Dowan
  5037 | D:6      | Gained mutation: You are dopey. (Int -2) [potion of
                  | mutation]
  5037 | D:6      | Gained mutation: You are partially covered in icy blue
                  | scales. (AC +2) [potion of mutation]
  5356 | D:7      | Reached skill level 8 in Fighting
  5357 | D:7      | Found an ancient bone altar of Kikubaaqudgha.
  5358 | D:7      | Noticed Joseph
  5387 | D:7      | Killed Joseph
  5387 | D:7      | Reached XP level 9. HP: 43/82 MP: 9/9
  5793 | D:7      | Noticed Pikel
  5839 | D:7      | Killed Pikel
  5839 | D:7      | Reached skill level 9 in Fighting
  5897 | D:7      | Noticed a hornet
  5909 | D:7      | Noticed Prince Ribbit
  5910 | D:7      | Paralysed by a hornet for 2 turns
  5913 | D:7      | Killed a hornet
  6248 | D:6      | Killed Duvessa
  6254 | D:6      | Killed Dowan
  6601 | D:6      | Found a staircase to the Ecumenical Temple.
  6624 | Temple   | Entered the Ecumenical Temple
  6667 | Temple   | Became a worshipper of Qazlal Stormbringer
  7258 | D:3      | Got a distressingly furry ring mail
  7269 | D:3      | Identified the +1 ring mail of Woxer {rF+ Regen+} (You
                  | found it on level 3 of the Dungeon)
  7445 | D:7      | Killed Prince Ribbit
  7445 | D:7      | Reached skill level 10 in Fighting
  7445 | D:7      | Reached skill level 1 in Invocations
  7511 | D:7      | Reached XP level 10. HP: 93/93 MP: 11/11
  7762 | D:8      | Slain by an orc warrior

Levels and vault maps discovered:
D:1:      minmay_arrival_glassed_features, layout_basic, minmay_crystal_room
D:2:      layout_loops_ring, lemuel_crystal_altar
D:3:      layout_loops_ring, grunt_ministairs_15, minmay_checkerbox
D:4:      layout_rooms, nicolae_tso_carved_into_rock, corexii_checkpoint_b,
          mrwooster_statue_mirror, hangedman_ru_absence, uniq_grinder
D:5:      layout_cave_pods, lemuel_doored_altar, first_ration,
          uniq_blork_the_orc
D:6:      layout_layer_cave, dancing_weapons_uskayaw,
          minmay_temple_entry_nine_rooms, hangedman_decor_clover_reticule,
          uniq_menkaure, uniq_duvessa
D:7:      layout_cave_pools, kiku_gazebo_pond_becter, uniq_joseph, uniq_pikel,
          uniq_prince_ribbit1
D:8:      cheibrodos_helix_gallery, layout_basic, hangedman_little_slice_of_home
Temple:   nicolae_temple_god_jail

Skill      XL: |  1  2  3  4  5  6  7  8  9 10 |
---------------+-------------------------------+-----
Dodging        | 1 2 |  2.1
Fighting       | 3 5 6 7 8 10 | 10.2
Armour         | 1 3 4 5 7 8 |  8.8
Axes           | 2 4 6 9 |  9.4
Invocations    | 1 2 |  2.7
Short Blades   | |  2.0
Throwing       | |  1.7
Stealth        | |  3.2

Action                   |  1- 3 |  4- 6 |  7- 9 | 10-12 || total
-------------------------+-------+-------+-------+-------++-------
Melee: Dagger            |   129 |   163 |       |       ||   292
       Short sword       |       |    80 |       |       ||    80
       War axe           |       |       |   313 |    49 ||   362
       Falchion          |       |       |    54 |       ||    54
       Hand axe          |       |       |    29 |       ||    29
Evoke: Wand              |       |       |     8 |       ||     8
  Use: Scroll            |     1 |     4 |     2 |       ||     7
       Potion            |       |     5 |     7 |       ||    12
 Stab: Sleeping          |     2 |       |       |       ||     2
  Eat: Chunk             |     2 |     6 |     7 |       ||    15
       Ration            |       |       |     5 |       ||     5
Armor: Robe              |    12 |       |       |       ||    12
       Scale mail        |    22 |    46 |    87 |       ||   155
       Ring mail         |     1 |       |     1 |    10 ||    12
       Skin              |       |    21 |       |       ||    21
       Chain mail        |       |       |    86 |       ||    86
Dodge: Dodged            |    85 |   122 |   296 |    30 ||   533
       Rpst.: Falchion   |       |       |    12 |       ||    12
